AoeStats
← nezbez

Arabia

508706977Analyzed
4v4 RM · 9d ago on Sep 23, 2026· 35m 19s· 8 players
Game mode
Random Map
Map size
Large (8 player)
Population
200
Speed
Normal
Resources
Standard
Victory
Conquest
Starting age
Dark Age
Ending age
Imperial Age
RankedLock teamsTeams togetherTeam positionsShared explorationLock speedFull tech treeHidden civsTurbo modeCheats
Victory
Defeat
🇨🇳 Khmer · China
1072
+13
🇹🇷 Varangians · Türkiye
1035
+14
🇲🇽 Spanish · Mexico
1020
+15
🇺🇸 Danes · United States
1011
+15
🇩🇪 Persians · Germany
1032
-16
🇵🇸 Byzantines · Palestinian Territories
997
-14
🇫🇷 Magyars · France
994
-14
🇩🇪 Bohemians · Germany
956
-13
CORMOUTE
7:38 Loom
10:18 Feudal Age
10:55 Double-Bit Axe
11:32 Man-at-Arms
21:41 Castle Age
21:41 Scale Barding Armor
25:18 Fletching
25:27 Gold Mining
25:50 Bow Saw
27:14 Wheelbarrow
27:07 Padded Archer Armor
Man
0:31 Loom
10:40 Feudal Age
11:10 Double-Bit Axe
11:36 Horse Collar
14:43 Man-at-Arms
22:17 Castle Age
21:06 Arson
23:24 Bow Saw
25:15 Wheelbarrow
25:59 Gold Mining
26:17 Heavy Plow
26:37 Squires
26:23 Gambesons
28:41 Forging
28:32 Scale Mail Armor
Flurry
6:05 Loom
13:48 Feudal Age
19:57 Castle Age
(Kush)Martinez
2:28 Loom
11:43 Feudal Age
16:04 Castle Age
17:39 Double-Bit Axe
23:04 Bow Saw
26:09 Gold Mining
27:32 Scale Barding Armor
28:35 Fletching
28:56 Forging
30:18 Crossbowman
nezbez
8:14 Loom
8:54 Loom
10:45 Feudal Age
11:36 Man-at-Arms
12:05 Double-Bit Axe
12:53 Horse Collar
15:19 Scale Mail Armor
16:40 Arson
19:38 Forging
20:16 Wheelbarrow
22:55 Castle Age
24:02 Bow Saw
23:53 Heavy Plow
24:15 Chain Mail Armor
23:23 Long Swordsman
23:49 Gambesons
24:05 Squires
24:29 Gold Mining
25:41 Iron Casting
27:20 Town Watch
30:35 Hand Cart
31:39 Fletching
32:25 Pikeman
38:10 Imperial Age
JANROD2944
0:47 Loom
12:38 Feudal Age
13:24 Double-Bit Axe
14:27 Bloodlines
16:07 Wheelbarrow
20:39 Castle Age
21:25 Husbandry
23:04 Light Cavalry
24:42 Bow Saw
25:28 Horse Collar
26:20 Town Watch
28:44 Hand Cart
28:46 Heavy Plow
29:58 Ballistics
29:34 Murder Holes
30:26 Forging
36:08 Imperial Age
Kebabs&Roses
10:31 Feudal Age
9:47 Loom
14:41 Castle Age
17:15 Double-Bit Axe
17:27 Horse Collar
18:48 Squires
18:59 Gold Mining
22:49 Arson
24:41 Scale Mail Armor
25:07 Stone Mining
25:38 Bow Saw
25:58 Heavy Plow
26:00 Gambesons
27:45 Wheelbarrow
27:54 Chain Mail Armor
28:41 Fletching
33:42 Imperial Age
32:00 Hand Cart
34:20 Forging
33:49 Gothikon
34:49 Conscription
35:04 Elite Varangian Guard
king vitt
0:29 Loom
12:56 Feudal Age
13:25 Horse Collar
13:33 Double-Bit Axe
17:10 Castle Age
16:50 Wheelbarrow
18:38 Bow Saw
18:31 Heavy Plow
20:23 Hand Cart
25:47 Town Watch
31:20 Imperial Age
32:03 Scale Barding Armor
32:12 Elite Ballista Elephant
33:15 Chain Barding Armor
34:01 Chemistry
33:59 Ballistics
34:55 Siege Engineers
35:11 Bloodlines
35:49 Husbandry
36:06 Masonry
Connection lost

Rejoining the realm…

Still unreachable

The connection could not be restored.

Session expired

The server has moved on; the page needs a fresh start.